 Dungeon Crawl Stone Soup version 0.30.1-4-g462c640d31 (webtiles) character file.

Game seed: 6334335333436444623

69 croobank the Sneak (level 4, -11/35 HPs)
             Began as a Demonspawn Delver on Sept 6, 2023.
             Was an Initiate of Hepliaklqana.
             Mangled by an iguana (13 damage)
             ... on level 4 of the Dungeon.
             The game lasted 00:02:49 (711 turns).

croobank the Sneak (Demonspawn Delver)               Turns: 711, Time: 00:02:49

Health: -11/35     AC:  3    Str: 13    XL:     4   Next: 2%
Magic:  5/5        EV: 12    Int: 13    God:    Hepliaklqana [......]
Gold:   73         SH:  0    Dex: 14    Spells: 3/3 levels left

rFire   + . .        a - +0 short sword
rCold   . . .        (no shield)
rNeg    . . .        b - +0 leather armour
rPois   .            (no helmet)
rElec   .            (no cloak)
rCorr   .            (no gloves)
SInv    .            (no boots)
Will    .....        (no amulet)
Stlth   +++          i - ring of protection from fire
HPRegen 0.25/turn    (no ring)
MPRegen 0.09/turn

%: no passive effects
@: no status effects
A: claws 1, powered by pain 1
a: Renounce Religion


You were on level 4 of the Dungeon.
You worshipped Hepliaklqana.
Hepliaklqana was noncommittal.
You visited 2 branches of the dungeon, and saw 4 of its levels.

You collected 73 gold pieces.

Inventory:

Hand Weapons
 a - a +0 short sword (weapon)
Armour
 b - a +0 leather armour (worn)
Jewellery
 i - a ring of protection from fire (left claw)
Wands
 g - a wand of digging (3)


   Skills:
 + Level 3.4 Fighting
 + Level 2.3 Short Blades
 + Level 2.3 Dodging
 + Level 4.8 Stealth
 + Level 1.5 Invocations


You had 3 spell levels left.
You didn't know any spells.
Your spell library was empty.

Dungeon Overview and Level Annotations

Branches:
Dungeon (6/15)             Temple (1/1) D:6

Altars:
Cheibriados
Hepliaklqana
Kikubaaqudgha
Nemelex Xobeh
Okawaru
Qazlal
Trog
Uskayaw
Vehumet
Xom

Annotations:
D:4 Natasha


Innate Abilities, Weirdness & Mutations

You have sharp fingernails.
You sometimes gain a little power by taking damage.


Message History

The iguana is engulfed in blazing flames.
Flame seeps out of the iguana.
You hit the iguana but do no damage.
The iguana is almost dead.
The iguana barely misses you. The iguana attacks as you move away!
The iguana closely misses you.
You hit the iguana but do no damage.
The iguana is almost dead.
An adder comes into view.
The iguana bites you but does no damage.
The adder moves out of view.
You closely miss the iguana.
The iguana is almost dead.
The phantom's inner flame fades away.
The iguana misses you.
You hit the iguana but do no damage.
The iguana is almost dead.
The iguana closely misses you.
Found 12 gold pieces.
You closely miss the iguana.
The iguana is almost dead.
The iguana's inner flame fades away.
The iguana bites you!
* * * LOW HITPOINT WARNING * * *
You closely miss the iguana.
The iguana is almost dead.
The iguana bites you.
* * * LOW HITPOINT WARNING * * *
The phantom hits you.
* * * LOW HITPOINT WARNING * * *
The iguana attacks as you move away! The iguana bites you.
* * * LOW HITPOINT WARNING * * *
Okay, then.
You hit the iguana.
The iguana is almost dead.
The iguana closely misses you. The phantom closely misses you.
You hit the iguana but do no damage.
The iguana is almost dead.
You hit the iguana but do no damage.
The iguana is almost dead.
The iguana bites you!
You die...

############# ##########
............###...#.....
.............>..........
............##..........
............##..........
.......@l...###...#.....
........W...# #...##.###
............# #...##..##
.$...[......# #...###..#
............# #...# ##.#
............# .... #..
............. .........
.#####........ .........
...................


You could see a phantom and an iguana.

Vanquished Creatures
  2 hounds (D:5)
  An adder (D:6)
3 creatures vanquished.

Notes
Turn   | Place    | Note
-------+----------+-------------------------------------------
     0 | D:5      | croobank the Demonspawn Delver began the quest for the Orb.
     0 | D:5      | Reached XP level 1. HP: 18/18 MP: 1/1
    17 | D:6      | Gained mutation: You sometimes gain a little power by
                  | taking damage. [demonic ancestry]
    17 | D:6      | Reached XP level 2. HP: 24/24 MP: 2/2
    34 | D:6      | Found a staircase to the Ecumenical Temple.
    52 | Temple   | Entered the Ecumenical Temple
    89 | Temple   | Became a worshipper of Hepliaklqana the Forgotten
   218 | D:6      | Noticed a kobold brigand
   283 | D:5      | Reached skill level 1 in Invocations
   283 | D:5      | Gained mutation: You have sharp fingernails. [demonic
                  | ancestry]
   283 | D:5      | Reached XP level 3. HP: 13/29 MP: 3/3
   514 | D:5      | Reached XP level 4. HP: 9/35 MP: 3/5
   653 | D:4      | Noticed Natasha
   665 | D:4      | Noticed a phantom
   708 | D:4      | HP: 1/35 [iguana (3)]
   711 | D:4      | Mangled by an iguana

Illustrated notes

Levels and vault maps discovered:
D:4:      layout_basic, mainiacjoe_overflow_surrounded_room,
          cheibrodos_ashenzari_chains, nzn_wu_jian_council_hall,
          minmay_fountain_box, uniq_natasha, uniq_eustachio
D:5:      gammafunk_steamed_eel, layout_basic, marbit_many_paths,
          minmay_misc_feat_pillars, uniq_sigmund
D:6:      layout_rooms, tso_altar, minmay_temple_entry_mist
Temple:   nicolae_temple_godzebo

Skill      XL: |  1  2 |
---------------+-------+-----
Short Blades   | 2 |  2.3
Dodging        | 2 |  2.3
Invocations    | 1 |  1.5
Fighting       | |  3.4
Stealth        | |  4.8

Action                     |  1- 3 |  4- 6 || total
---------------------------+-------+-------++-------
  Melee: Short sword       |    51 |    20 ||    71
    Use: Scroll            |     3 |     3 ||     6
         Potion            |     1 |       ||     1
   Stab: Sleeping          |     1 |       ||     1
 Armour: Leather armour    |    13 |     5 ||    18
  Dodge: Dodged            |    35 |    21 ||    56
